 Dungeon Crawl Stone Soup version 0.29.0-4-gdea44cf6ec (webtiles) character file.

Game seed: 3481468399550870356

93 qw the Chopper (level 4, -1/36 HPs)
             Began as a Barachi Chaos Knight on Sept 4, 2022.
             Slain by Blork the orc
             ... wielding a +0 dire flail
              (16 damage)
             ... on level 4 of the Dungeon.
             The game lasted 00:01:05 (2270 turns).

qw the Chopper (Barachi Chaos Knight)               Turns: 2270, Time: 00:01:05

Health: -1/36      AC:  7    Str: 18 (21) XL:     4   Next: 61%
Magic:  4/4        EV:  9    Int: 11 (12) God:
Gold:   140        SH:  0    Dex:  8 (12) Spells: 3/3 levels left

rFire   . . .      SeeInvis .   Y - +0 hand axe (chaos)
rCold   . . .      Faith    .   (no shield)
rNeg    . . .      Spirit   .   h - +0 scale mail
rPois   .          Reflect  .   (no helmet)
rElec   .          Harm     .   a - +0 cloak
rCorr   .          Rampage  .   (no gloves)
Will    .....                   (no boots)
Stlth   ..........              (no amulet)
HPRegen 0.12/turn               g - +6 ring of strength
MPRegen 0.09/turn               (no ring)

@: slow
A: amphibious, slowness 1, strong legs 1, +LOS, screaming 1, noise suppression
a: Hop


You were on level 4 of the Dungeon.
You visited 1 branch of the dungeon, and saw 4 of its levels.

You collected 140 gold pieces.


Innate Abilities, Weirdness & Mutations

You are amphibious.
You cover ground slowly.
You can hop short distances.
You have an extended range of vision and can be seen from far away.
You occasionally shout uncontrollably at your foes.
You passively dampen the noise of your surroundings.


   Skills:
 - Level 3.6 Fighting
 + Level 5.7 Axes
 - Level 2.4 Armour
 - Level 1.1 Dodging


You had 3 spell levels left.
You didn't know any spells.
Your spell library was empty.

Inventory:

Hand Weapons
 b - a +2 whip of pain
 Y - a +0 hand axe of chaos (weapon)
Armour
 a - a +0 cloak (worn)
 h - a +0 scale mail (worn)
Jewellery
 g - a +6 ring of strength (left hand)
Scrolls
 d - a scroll of blinking {unknown}
 j - a scroll of identify
Potions
 f - a potion of attraction {unknown}
 i - a potion of curing {unknown}
Miscellaneous
 c - a piece from Xom's chessboard (15/15)

Dungeon Overview and Level Annotations

Branches:
Dungeon (4/15)
 Temple: D:4-7

Altars:

Annotations:
D:4 Blork the orc, Pikel


Message History

You hear the quick rusting of a distant drain.
You slash the endoplasm! You freeze the endoplasm.
You kill the endoplasm!
Found a stone staircase leading down.
You now have 129 gold pieces (gained 12).
You now have 140 gold pieces (gained 11).
Blork the orc comes into view.
He is wielding a +0 dire flail.
Blork the orc shouts!
2257 ||| Stepping ~*~*~tactically~*~*~ (hiding).
You start waiting.
Blork the orc is nearby!
2261 ||| Stepping ~*~*~tactically~*~*~ (hiding).
Blork the orc drinks a potion.
Blork the orc seems to grow stronger.
Blork the orc looks braver for a moment.
You hit Blork the orc.
Blork the orc is lightly wounded.
Blork the orc hits you with a +0 dire flail!
You completely miss Blork the orc.
Blork the orc is lightly wounded.
Blork the orc barely misses you.
You hit Blork the orc but do no damage. You drain Blork the orc.
Blork the orc is moderately wounded.
Blork the orc casts a spell at you. The magic dart hits you.
You barely miss Blork the orc.
Blork the orc is moderately wounded.
Blork the orc hits you with a +0 dire flail!
You hit Blork the orc. You freeze Blork the orc.
Blork the orc is moderately wounded.
Blork the orc hits you with a +0 dire flail.
Blork the orc looks braver for a moment.
You hit Blork the orc.
Blork the orc is heavily wounded.
A ball python comes into view.
Blork the orc barely misses you.
2270 ||| Stepping ~*~*~tactically~*~*~ (stealth).
Blork the orc attacks as you move away!
Blork the orc hits you with a +0 dire flail!
You die...
Xom snickers!

#### #..## ## ##...#
##.##....########
#...#.......#...#
#...............#
##..@..##.......## #
.#..o#..##.......# #
.......#.##........#####
#.................###.#..
#......................#.
...........#.............
...##..#......[..........
S..#......##..........###
.. ...................# #


You could see Blork the orc (strong, very drained) and a ball python
(wandering).

Vanquished Creatures
  3 lemures (D:4)
  An iguana (D:4)
  2 adders (D:2)
  A worm (D:2)
  3 dart slugs
  4 endoplasms
  A giant cockroach (D:2)
  3 goblins
  A hobgoblin (D:2)
  5 quokkas
  4 ball pythons
  6 bats
  A frilled lizard (D:2)
  4 kobolds
  4 rats
43 creatures vanquished.

Notes
Turn   | Place    | Note
-------+----------+-------------------------------------------
     0 | D:1      | qw the Barachi Chaos Knight began the quest for the Orb.
     0 | D:1      | Reached XP level 1. HP: 18/18 MP: 1/1
     0 | D:1      | 0 ||| qw: Version: 0.1-a-103-gd6f5d3a
     0 | D:1      | 0 ||| qw: Game counter: 5420
     0 | D:1      | 0 ||| qw: Always use a shield: true
     0 | D:1      | 0 ||| qw: God list: Okawaru
     0 | D:1      | 0 ||| qw: Allow faded altars: false
     0 | D:1      | 0 ||| qw: Do Orc after D:15 true
     0 | D:1      | 0 ||| qw: Do second Lair branch before Depths: true
     0 | D:1      | 0 ||| qw: Lair rune preference: random
     0 | D:1      | 0 ||| qw: Plans: Normal
     0 | D:1      | 0 ||| PLANNING D:1-11
     0 | D:1      | Fell from the grace of Xom
   383 | D:1      | Reached XP level 2. HP: 18/24 MP: 2/2
   482 | D:1      | Reached skill level 4 in Axes
   531 | D:1      | XOM: give mutations
   531 | D:1      | Gained mutation: You passively dampen the noise of your
                  | surroundings. [Xom's mischief]
   531 | D:1      | Gained mutation: You occasionally shout uncontrollably at
                  | your foes. [Xom's mischief]
   531 | D:1      | Gained mutation: You are frail. (-10% HP) [Xom's mischief]
   531 | D:1      | Lost mutation: You are frail. (-10% HP) [Xom's mischief]
   987 | D:1      | 987 ||| UPGRADING to +0 scale mail.
   997 | D:1      | 997 ||| DROPPING +2 leather armour.
   998 | D:1      | 998 ||| DROPPING +1 ring mail of positive energy.
   999 | D:1      | 999 ||| READING scroll labelled NUAG WUEMOU.
  1000 | D:1      | 1000 ||| READING 2 scrolls labelled ENEFFUD REKHLU.
  1001 | D:1      | 1001 ||| READING scroll labelled PAAJ EDIENLU.
  1006 | D:1      | 1006 ||| DROPPING scroll of noise.
  1033 | D:2      | Reached XP level 3. HP: 29/29 MP: 3/3
  1061 | D:2      | 1061 ||| Stepping ~*~*~tactically~*~*~ (stealth).
  1109 | D:2      | XOM: stat loss: -3 Dex (8/11)
  1266 | D:2      | 1266 ||| DROPPING +0 whip.
  1423 | D:2      | Reached skill level 5 in Axes
  1568 | D:2      | Reached XP level 4. HP: 30/36 MP: 4/4
  1706 | D:2      | You fall into a shaft and drop 2 floors!
  1707 | D:4      | 1707 ||| PLANNING SEWER
  1719 | D:4      | Noticed a lemure
  1730 | D:4      | Killed a lemure
  1765 | D:4      | Noticed Pikel
  1766 | D:4      | 1766 ||| FLEEEEING.
  1767 | D:4      | 1767 ||| FLEEEEING.
  1768 | D:4      | 1768 ||| FLEEEEING.
  1769 | D:4      | 1769 ||| FLEEEEING.
  1772 | D:4      | 1772 ||| STAIRDANCE
  1773 | D:3      | XOM: noise
  1925 | D:3      | 1925 ||| UPGRADING to +0 cloak.
  1930 | D:3      | 1930 ||| DROPPING ring of wizardry.
  1931 | D:3      | 1931 ||| UPGRADING to +6 ring of strength.
  1932 | D:3      | 1932 ||| READING scroll labelled LUKHOL YTTIOCU.
  1933 | D:3      | 1933 ||| READING 2 scrolls labelled MUIFIR VIWACA.
  1934 | D:3      | 1934 ||| READING scroll labelled BODIOD AMUPNI.
  1935 | D:3      | 1935 ||| DRINKING 2 viscous yellow potions.
  1936 | D:3      | 1936 ||| DROPPING potion of degeneration.
  1941 | D:4      | Noticed a lemure
  1943 | D:4      | 1943 ||| Stepping ~*~*~tactically~*~*~ (stealth).
  1944 | D:4      | 1944 ||| Stepping ~*~*~tactically~*~*~ (stealth).
  1959 | D:4      | Killed a lemure
  2073 | D:4      | 2073 ||| Stepping ~*~*~tactically~*~*~ (stealth).
  2079 | D:4      | 2079 ||| Stepping ~*~*~tactically~*~*~ (stealth).
  2176 | D:4      | Noticed a lemure
  2193 | D:4      | Killed a lemure
  2234 | D:4      | 2234 ||| Stepping ~*~*~tactically~*~*~ (stealth).
  2256 | D:4      | Noticed Blork the orc
  2257 | D:4      | 2257 ||| Stepping ~*~*~tactically~*~*~ (hiding).
  2261 | D:4      | 2261 ||| Stepping ~*~*~tactically~*~*~ (hiding).
  2270 | D:4      | 2270 ||| Stepping ~*~*~tactically~*~*~ (stealth).
  2270 | D:4      | Slain by Blork the orc

Levels and vault maps discovered:
D:1:      dpeg_arrival_short_road, layout_basic, minmay_quantized
D:2:      layout_rooms, wad_floor_pattern_2, grunt_ministairs_6,
          kennysheep_another_room
D:3:      layout_basic, uniq_crazy_yiuf_cottage, uniq_sigmund
D:4:      layout_cave_pools, portal_sewer_entry_c, serial_shops,
          nicolae_shop_waterfront, uniq_pikel, uniq_blork_the_orc

Skill      XL: |  1  2  3 |
---------------+----------+-----
Axes           | 4 5 |  5.7
Fighting       | |  3.6
Armour         | |  2.4
Dodging        | |  1.1

Action                   |  1- 3 |  4- 6 || total
-------------------------+-------+-------++-------
Melee: Hand axe          |    90 |    48 ||   138
Invok: Renounce Religion |     1 |       ||     1
  Use: Scroll            |     3 |     3 ||     6
       Potion            |       |     1 ||     1
 Stab: Distracted        |     1 |       ||     1
       Paralysed         |       |     1 ||     1
Armor: Leather armour    |    12 |       ||    12
       Scale mail        |    16 |     9 ||    25
Dodge: Dodged            |    35 |    16 ||    51

Table legend:
 A = Non-vault XP
 B = Vault XP
 C = Vault XP percentage of total XP
 D = Non-vault monster count
 E = Vault monster count
 F = Vault count percentage of total count
                 A         B        C        D         E       F
            +---------+---------+-------+---------+---------+-------
      Total |     119 |      14 |  10.5 |      32 |       8 |  20.0
            +---------+---------+-------+---------+---------+-------
        D:1 |      22 |      10 |  31.2 |      14 |       6 |  30.0
        D:2 |      58 |       4 |   6.5 |      16 |       2 |  11.1
        D:4 |      39 |       0 |   0.0 |       2 |       0 |   0.0
            +---------+---------+-------+---------+---------+-------
